 Dungeon Crawl Stone Soup version 0.17-a0-18-gc25b939 (webtiles) character file.

378 Herrn the Chopper (level 6, -3/39 HPs)
             Began as a Gargoyle Berserker on Mar 11, 2015.
             Was a Believer of Trog.
             Slain by Menkaure (13 damage)
             ... on level 4 of the Dungeon.
             The game lasted 00:09:32 (3168 turns).

Herrn the Chopper (Gargoyle Berserker)              Turns: 3168, Time: 00:09:32

Health: -3/39      AC: 13    Str: 22    XL:     6   Next: 74%
Magic:  6/6        EV:  8    Int:  8    God:    Trog [**....]
Gold:   229        SH:  0    Dex:  9    Spells: 0 memorised, 5 levels left

rFire  . . .     SeeInvis .     z - +2 war axe (vamp)
rCold  . . .     Clarity  .     d - +0 chain mail
rNeg   + . .     SustAb   .     (no shield)
rPois  ∞         Gourm    .     (no helmet)
rElec  +         Spirit   .     (no cloak)
rCorr  .         Warding  .     (no gloves)
rMut   .         Stasis   .     (no boots)
MR     ++...                    (no amulet)
Stlth  ..........               (no ring)
                                (no ring)

@: exhausted, regenerating, slowed, very slow, very resistant to hostile
enchantments, extremely unstealthy
A: negative energy resistance 1, electricity resistance, unbreathing,
petrification resistance, rot immunity, AC +4
a: Burn Spellbooks, Berserk, Trog's Hand, Renounce Religion


You were on level 4 of the Dungeon.
You worshipped Trog.
Trog was pleased with you.
You were very hungry.

You visited 1 branch of the dungeon, and saw 4 of its levels.
You also visited: Sewer.

You collected 229 gold pieces.

Inventory:

Hand weapons
 y - a +2 dagger of electrocution
 z - a +2 vampiric war axe (weapon)
Missiles
 g - 41 bolts
Armour
 d - a +0 chain mail (worn)
Jewellery
 a - a +3 ring of protection {unknown}
Magical devices
 w - a wand of fire (4)
Scrolls
 e - 2 scrolls of fear {unknown}
 h - 4 scrolls of identify {unknown}
 j - 6 scrolls of immolation {unknown}
 n - 2 scrolls of blinking {unknown}
 v - a scroll of recharging {unknown}
 x - a scroll of fog {unknown}
Potions
 f - a potion of invisibility {unknown}
 i - 3 potions of curing
 m - 5 potions of agility {unknown}
 p - a potion of resistance {unknown}
 q - a potion of poison {unknown}
 s - a potion of restore abilities {unknown}
Comestibles
 c - a bread ration
 l - 2 beef jerkies
 r - a meat ration
 u - a royal jelly


   Skills:
 + Level 4.6 Fighting
 * Level 5.0 Axes
 + Level 2.5 Armour
 + Level 3.2 Dodging


You had 5 spell levels left.
You didn't know any spells.

Dungeon Overview and Level Annotations

Branches:
Dungeon (4/15)
 Temple: D:4-7

Altars:
Dithmenos
Fedhas

Annotations:
D:4 Menkaure


Innate Abilities, Weirdness & Mutations

You are resistant to torment.
You are immune to poison.
Your stone body is very resilient (AC +4).
You resist negative energy.
You are resistant to electric shocks.
You can survive without breathing.
You are immune to petrification.
You are immune to rotting.


Message History

You are feeling very hungry.
a - a notched moonstone ring Menkaure, Prince of Dust comes into view.
Menkaure shouts!
Menkaure gestures wildly while chanting.
Menkaure seems to speed up.
Menkaure hits you but does no damage. Menkaure hits you!
Your chain mail prevents you from hitting Menkaure.
Menkaure hits you!
Menkaure calls on the powers of darkness!
Your body is wracked with pain!
* * * LOW HITPOINT WARNING * * *
Menkaure points at you and mumbles some strange words.
Pain shoots through your body!
* * * LOW HITPOINT WARNING * * *
Use which ability? (? or * to list)
Your skin crawls.
You feel resistant to hostile enchantments.
You feel slightly more hungry. Menkaure hits you!
You die...

. #.. #..##
####...##
##.......##
..........##
#..........#
#......M...#
#......@...#
##.........#
#.........#
##[........#
#...§§§....#
##.#._§§§...#
...
#..#.§§§...##
....
#..####§§###
... ##.##
####


You could see Menkaure.

Vanquished Creatures
  Purgy (Sewer)
  Sigmund (D:4)
  2 orc wizards (D:3)
  4 gnolls (D:2)
  2 river rats (D:3)
  3 adders (D:3)
  A giant mite (D:3)
  A worm (D:3)
  2 orcs (D:3)
  4 ball pythons
  7 goblins
  6 hobgoblins
  2 jackals (Sewer)
  A quokka (D:2)
  5 bats
  3 giant cockroaches
  2 giant geckos
  2 giant newts (D:3)
  8 kobolds
  5 rats
62 creatures vanquished.

Notes
Turn   | Place    | Note
--------------------------------------------------------------
     0 | D:1      | Herrn, the Gargoyle Berserker, began the quest for the Orb.
     0 | D:1      | Reached XP level 1. HP: 14/14 MP: 1/1
   375 | D:1      | Reached XP level 2. HP: 16/19 MP: 2/2
   966 | D:2      | Reached XP level 3. HP: 21/24 MP: 3/3
  1238 | D:2      | Reached XP level 4. HP: 26/29 MP: 4/4
  1448 | D:2      | Found a blossoming altar of Fedhas.
  1517 | D:3      | Acquired Trog's second power
  1635 | D:3      | Found a glowing drain.
  1653 | D:3      | Reached skill level 4 in Fighting
  1853 | Sewer    | Entered a sewer
  2050 | Sewer    | Noticed Purgy
  2060 | Sewer    | Killed Purgy
  2060 | Sewer    | Reached XP level 5. HP: 34/34 MP: 5/5
  2156 | D:3      | Reached XP level 6. HP: 26/39 MP: 6/6
  3142 | D:4      | Found a shadowy altar of Dithmenos.
  3142 | D:4      | Noticed Sigmund
  3154 | D:4      | Killed Sigmund
  3154 | D:4      | Reached skill level 5 in Axes
  3163 | D:4      | Noticed Menkaure
  3168 | D:4      | Slain by Menkaure

Action                   |  1- 3 |  4- 6 || total
-------------------------+-------+-------++-------
Melee: Hand axe          |    70 |    95 ||   165
       War axe           |       |    76 ||    76
Invok: Berserk           |     2 |     3 ||     5
       Trog's Hand       |       |     2 ||     2
  Use: Potion            |       |     1 ||     1
  Eat: Meat ration       |     1 |       ||     1
       Fruit             |       |     7 ||     7
       Chunk             |       |     5 ||     5
